 Dungeon Crawl Stone Soup version 0.24.0-37-gcf1ca852f1 (webtiles) character file.

Game seed: 13093775331481541084, levelgen mode: deterministic

10749 Delamore the Executioner (level 11, -8/82 HPs)
             Began as a Hill Orc Fighter on Nov 25, 2019.
             Was a High Priest of Okawaru.
             Killed by divine providence
             ... invoked by an orc high priest
              (11 damage)
             ... on level 10 of the Dungeon.
             The game lasted 00:16:16 (11231 turns).

Delamore the Executioner (Hill Orc Fighter)        Turns: 11231, Time: 00:16:17

Health: -8/82      AC: 39    Str: 23    XL:     11   Next: 67%
Magic:  11/11      EV: 11    Int:  8    God:    Okawaru [*****.]
Gold:   714        SH:  9    Dex: 10    Spells: 10/10 levels left

rFire    . . .     SeeInvis .   a - +0 war axe
rCold    . . .     Gourm    .   c - +0 shield
rNeg     . . .     Faith    .   R - +27 Lear's hauberk
rPois    .         Spirit   .   (helmet currently unavailable)
rElec    .         Reflect  .   m - +2 cloak
rCorr    .         Harm     .   (gloves currently unavailable)
MR       +....                  (boots currently unavailable)
Stlth    ..........             t - amulet of rage
HPRegen  0.23/turn              O - ring of protection from magic
MPRegen  0.12/turn              z - +6 ring of evasion

@: lethally poisoned (-8 -> -16), berserk cooldown, slowed, very slow
A: no striking features
a: Heroism, Finesse, Renounce Religion, Convert to Beogh, Evoke Berserk Rage


You were on level 10 of the Dungeon.
You worshipped Okawaru.
Okawaru was extremely pleased with you.
You were hungry.

You visited 3 branches of the dungeon, and saw 12 of its levels.

You collected 714 gold pieces.

Inventory:

Hand Weapons
 a - a +0 war axe (weapon)
 Q - a +1 hand axe of flaming
Missiles
 y - 6 atropa-tipped darts (quivered)
 J - 3 curare-tipped darts
Armour
 b - a +0 scale mail
 c - a +0 shield (worn)
 g - a +0 pair of gloves
 m - a +2 cloak (worn)
 o - a +0 pair of boots
 x - a +1 helmet of see invisible
 E - a +1 ring mail of poison resistance
 R - the +27 Lear's hauberk (worn)
   (You found it on level 9 of the Dungeon)
Jewellery
 t - an amulet of rage (around neck)
 w - an uncursed ring of protection from fire
 z - a +6 ring of evasion (right hand)
 M - an uncursed ring of ice
 O - a ring of protection from magic (left hand)
 T - a cursed ring of attention {unknown}
Wands
 F - a wand of random effects (21)
 K - a wand of disintegration (28)
 N - a wand of scattershot (6)
 U - a wand of acid (2)
Scrolls
 e - 5 scrolls of teleportation {unknown}
 h - a scroll of immolation {unknown}
 k - 16 scrolls of identify {unknown}
 n - 4 scrolls of magic mapping {unknown}
 q - a scroll of fear {unknown}
 r - 3 scrolls of random uselessness {unknown}
 B - a scroll of blinking {unknown}
 C - a scroll of enchant armour {unknown}
 D - a scroll of amnesia {unknown}
 G - 3 scrolls of remove curse {unknown}
 I - 2 scrolls of fog {unknown}
Potions
 d - 3 potions of might
 i - 4 potions of curing {unknown}
 j - a potion of invisibility {unknown}
 l - 6 potions of lignification {unknown}
 p - 4 potions of flight {unknown}
 s - 3 potions of brilliance {unknown}
 u - 2 potions of cancellation {unknown}
 v - 3 potions of heal wounds {unknown}
 A - 2 potions of ambrosia {unknown}
 H - a potion of berserk rage {unknown}
 L - a potion of mutation {unknown}
 P - a potion of haste {unknown}
 S - a potion of degeneration {unknown}
Comestibles
 f - 25 rations
 V - 8 chunks of flesh


   Skills:
 - Level 3.6 Fighting
 + Level 21.0 Axes
 - Level 3.2 Armour
 - Level 3.2 Shields


You had 10 spell levels left.
You didn't know any spells.
Your spell library contained the following spells:

 Spells                   Type           Power        Failure   Level  Hunger
 Infusion                 Chrm           #...         100%        1    ##.....
 Shroud of Golubria       Chrm/Tloc      #.....       100%        2    ###....
 Song of Slaying          Chrm           #.......     100%        2    ###....
 Regeneration             Chrm/Necr      #.........   100%        3    ####...
 Spectral Weapon          Hex/Chrm       #.......     100%        3    ####...


Dungeon Overview and Level Annotations

Branches:
Dungeon (10/15)            Temple (1/1) D:6            Lair (0/6) D:8
    Orc (1/2) D:10

Altars:
Ashenzari
Elyvilon
Fedhas
Gozag
Makhleb
Nemelex Xobeh
Okawaru
Ru
Sif Muna
Vehumet
Wu Jian
Yredelemnul
Zin
Beogh

Shops:
D:6 }


Message History

The red devil hits you but does no damage.
You are more poisoned.
The red devil hits you but does no damage.
You hit the orc high priest.
The orc high priest is severely wounded.
You barely miss the orange demon. You slash the gnoll!
You kill the gnoll!
Okawaru accepts your kill.
You feel sick.
The orc high priest calls down the wrath of Beogh upon you.
Beogh smites you!
* * * LOW HITPOINT WARNING * * *
The orange demon stings you but does no damage.
The orange demon hits you but does no damage.
You block the red devil's attack. The red devil misses you.
You block the orange demon's attack.
The orange demon hits you but does no damage.
The orc high priest mumbles some strange prayers to Beogh against you.
Beogh smites you!
You die...

# #....))......## #
#.##.###..##..# #
#.##[[........# #
#.##..........# #
#.##..........# #
#.##..........#
#########.##..........#
..........##....4o4(..#
#########......)@[....#
..# #......)).4...# ..#
####..........# ..#
#####.........## #.#
#...#.........# #.#
#.#...........# #.#
#.>.#.........#
#.######...##.##.#####
#................#


You could see an orc high priest, an orange demon and 2 red devils.

Vanquished Creatures
  A hydra (D:9)
  A two-headed ogre (D:10)
  2 trolls
  Prince Ribbit (D:6)
  3 hippogriffs
  2 dream sheep (D:9)
  A wyvern (D:9)
  2 yaks (D:9)
  Menkaure (D:4)
  2 wargs (D:10)
  Edmund (D:6)
  Duvessa (D:6)
  A water moccasin (D:6)
  2 black bears
  A hornet zombie (D:8)
  A sky beast (D:10)
  5 ice beasts
  2 phantoms
  4 ogres
  11 orc warriors
  A necrophage (D:8)
  11 centaurs
  Blork the orc (D:4)
  5 big kobolds
  7 bullfrogs
  2 scorpions
  A wyvern skeleton (D:10)
  12 killer bees
  Dowan (D:6)
  5 wights
  6 crimson imps
  A bullfrog zombie (D:6)
  2 gnoll shamans
  4 hounds
  5 jellies
  6 orc priests
  9 orc wizards
  Jessica (D:6)
  A centaur skeleton (D:10)
  3 iguanas
  Natasha (thrice) (D:2)
  3 worker ants
  A killer bee zombie (D:8)
  A hound zombie (D:10)
  Robin (D:4)
  14 gnolls
  7 adders
  A shadow imp (D:7)
  2 adder zombies
  5 dart slugs
  6 leopard geckos
  62 orcs
  A ball python (D:4)
  7 bats
  6 giant cockroaches
  14 goblins
  11 hobgoblins
  16 jackals
  4 quokkas
  3 frilled lizards
  9 kobolds
  A quokka skeleton (D:6)
  3 rats
310 creatures vanquished.

Notes
Turn   | Place    | Note
-------+----------+-------------------------------------------
     0 | D:1      | Delamore the Hill Orc Fighter began the quest for the Orb.
     0 | D:1      | Reached XP level 1. HP: 19/19 MP: 1/1
     7 | D:1      | Reached skill level 3 in Axes
    86 | D:1      | Reached XP level 2. HP: 26/26 MP: 2/2
   234 | D:1      | Reached skill level 4 in Axes
   422 | D:1      | Reached XP level 3. HP: 31/31 MP: 3/3
   947 | D:1      | Reached skill level 5 in Axes
  1070 | D:2      | Reached XP level 4. HP: 25/39 MP: 4/4
  1333 | D:2      | Noticed Natasha
  1340 | D:2      | Killed Natasha
  1340 | D:2      | Reached skill level 6 in Axes
  1392 | D:2      | Noticed Natasha
  1398 | D:2      | Killed Natasha
  1398 | D:2      | Reached XP level 5. HP: 43/45 MP: 5/5
  1463 | D:2      | Reached skill level 7 in Axes
  1507 | D:2      | Noticed Natasha
  1518 | D:2      | Killed Natasha
  1905 | D:2      | Found an opulent altar of Gozag.
  1907 | D:2      | Reached skill level 8 in Axes
  1907 | D:2      | Reached XP level 6. HP: 51/51 MP: 6/6
  2049 | D:2      | Found a white marble altar of Elyvilon.
  2767 | D:3      | Found a sacrificial altar of Ru.
  2987 | D:4      | Noticed Robin
  3005 | D:4      | Killed Robin
  3005 | D:4      | Reached skill level 9 in Axes
  3200 | D:4      | Noticed Blork the orc
  3201 | D:4      | Noticed Menkaure
  3207 | D:4      | Killed Blork the orc
  3210 | D:4      | Killed Menkaure
  3210 | D:4      | Reached skill level 10 in Axes
  3210 | D:4      | Reached XP level 7. HP: 17/57 MP: 7/7
  3884 | D:4      | Reached skill level 11 in Axes
  4128 | D:5      | Entered Level 5 of the Dungeon
  4212 | D:5      | Found an ornate altar of the Wu Jian Council.
  4262 | D:5      | Reached XP level 8. HP: 62/64 MP: 8/8
  4387 | D:5      | Found a blossoming altar of Fedhas.
  4821 | D:5      | Reached skill level 12 in Axes
  5340 | D:6      | Noticed Prince Ribbit
  5360 | D:6      | Killed Prince Ribbit
  5504 | D:6      | Noticed Dowan
  5515 | D:6      | Noticed Duvessa
  5516 | D:6      | Killed Dowan
  5523 | D:6      | Reached skill level 13 in Axes
  5777 | D:6      | Killed Duvessa
  5882 | D:6      | Reached skill level 14 in Axes
  5882 | D:6      | Reached XP level 9. HP: 40/70 MP: 9/9
  6186 | D:6      | Noticed Edmund
  6206 | D:6      | Killed Edmund
  6206 | D:6      | Reached skill level 15 in Axes
  6313 | D:6      | Found Meidgh's Gadget Shop.
  6727 | D:6      | Noticed Jessica
  6730 | D:6      | Killed Jessica
  6738 | D:6      | Found a shimmering blue altar of Sif Muna.
  6858 | D:6      | Found a staircase to the Ecumenical Temple.
  6871 | Temple   | Entered the Ecumenical Temple
  6893 | Temple   | Became a worshipper of Warmaster Okawaru
  7473 | D:7      | Reached skill level 16 in Axes
  7887 | D:8      | Reached XP level 10. HP: 61/77 MP: 10/10
  8013 | D:8      | Found a staircase to the Lair.
  8036 | D:8      | Reached skill level 17 in Axes
  8174 | D:8      | Reached * piety under Okawaru
  9100 | D:9      | Reached ** piety under Okawaru
  9100 | D:9      | Reached skill level 18 in Axes
  9197 | D:9      | Noticed a three-headed hydra
  9205 | D:9      | Killed a one-headed hydra
  9209 | D:9      | Reached *** piety under Okawaru
  9258 | D:9      | Found the +27 Lear's hauberk
  9326 | D:9      | Reached skill level 19 in Axes
  9516 | D:9      | Reached XP level 11. HP: 78/82 MP: 11/11
  9918 | D:10     | Entered Level 10 of the Dungeon
 10200 | D:10     | Noticed a two-headed ogre
 10211 | D:10     | Killed a two-headed ogre
 10211 | D:10     | Reached **** piety under Okawaru
 10211 | D:10     | Reached skill level 20 in Axes
 10303 | D:10     | Found a roughly hewn altar of Beogh.
 10517 | D:10     | Found a staircase to the Orcish Mines.
 11155 | Orc:1    | Entered Level 1 of the Orcish Mines
 11155 | Orc:1    | Noticed an orc high priest
 11216 | Orc:1    | Reached skill level 21 in Axes
 11222 | D:10     | Reached ***** piety under Okawaru
 11231 | D:10     | HP: 3/82 [orc high priest/divine providence (9)]
 11231 | D:10     | Killed from afar by an orc high priest

Levels and vault maps discovered:
D:1:      minmay_arrival_three_doors, layout_loops_cross, solitary_fountain,
          minmay_pentomino_v2
D:2:      layout_basic, elyvilon_altar_1, lemuel_coloured_pillars_altar,
          kennysheep_potato, uniq_natasha
D:3:      layout_rooms, nicolae_ru_awakened_eye, first_ration
D:4:      layout_cave_pools, uniq_menkaure, uniq_robin, uniq_blork_the_orc
D:5:      layout_layer_cave, nicolae_overflow_crystal_walls,
          fedhas_bush_and_centaur_altar, minmay_holes
D:6:      layout_loops_cross, tgw_sif, minmay_temple_entry_purple_smoke,
          serial_shops, nicolae_shop_stone, uniq_duvessa, uniq_edmund,
          uniq_prince_ribbit1
D:7:      layout_basic
D:8:      layout_basic, lair_entry_dummy
D:9:      layout_loops_ring, hangedman_ranch [blue_anna_fruit_fields],
          minmay_fractal_squares_diagonal_5
D:10:     layout_loops_ring, david_orc_3, special_room [special_room_orc]
Temple:   kb_temple_of_zot
Orc:1:    layout_caves

Skill      XL: |  1  2  3  4  5  6  7  8  9 10 11 |
---------------+----------------------------------+-----
Axes           | 3 4 5 6 8 10 11 14 16 19 21 | 21.0
Fighting       | |  3.6
Armour         | |  3.2
Shields        | |  3.2

Action                   |  1- 3 |  4- 6 |  7- 9 | 10-12 || total
-------------------------+-------+-------+-------+-------++-------
Melee: War axe           |   109 |   159 |   336 |   541 ||  1145
       Hand axe          |       |       |       |     7 ||     7
Throw: Dart              |       |       |    10 |       ||    10
 Abil: Evoke Berserk Rag |       |     1 |       |     1 ||     2
  Eat: Chunk             |     1 |     7 |    16 |    11 ||    35
Armor: Scale mail        |    64 |    70 |    73 |       ||   207
       Ring mail         |       |       |    26 |    41 ||    67
       Chain mail        |       |       |       |   189 ||   189
       Skin              |       |       |       |     1 ||     1
Dodge: Dodged            |    41 |    52 |   179 |   239 ||   511
Block: Shield            |    56 |    89 |   133 |   237 ||   515
